 Dungeon Crawl Stone Soup version 0.28.0-53-g5a82cb258f (webtiles) character file.

Game seed: 4235283104108766596

172 DocClef the Skirmisher (level 5, -9/48 HPs)
             Began as a Draconian Fighter on June 15, 2022.
             Killed by nerve-wracking pain
             ... invoked by an orc priest
              (13 damage)
             ... on level 3 of the Dungeon.
             The game lasted 00:02:02 (2271 turns).

DocClef the Skirmisher (Draconian Fighter)          Turns: 2271, Time: 00:02:03

Health: -9/48      AC:  5    Str: 17 (20) XL:     5   Next: 27%
Magic:  5/5        EV: 12    Int:  5 (8)  God:
Gold:   85         SH:  0    Dex: 10 (11) Spells: 4/4 levels left

rFire   . . .      SeeInvis .   i - +0 battleaxe
rCold   . . .      Faith    .   (shield currently unavailable)
rNeg    . . .      Spirit   .   (armour unavailable)
rPois   .          Reflect  .   (helmet restricted)
rElec   .          Harm     .   (no cloak)
rCorr   .          Rampage  .   (no gloves)
Will    .....                   (no boots)
Stlth   +.........              (no amulet)
HPRegen 0.16/turn               (no ring)
MPRegen 0.09/turn               (no ring)

@: no status effects
A: AC +5, unfitting armour, cold-blooded
a: no special abilities


You were on level 3 of the Dungeon.
You visited 1 branch of the dungeon, and saw 3 of its levels.

You collected 85 gold pieces.

Inventory:

Hand Weapons
 a - a +0 war axe
 i - a +0 battleaxe (weapon)
Armour
 b - a +0 buckler
Scrolls
 d - 3 scrolls of identify {unknown}
 f - a scroll of immolation {unknown}
 g - a scroll of blinking {unknown}
 h - 3 scrolls of teleportation {unknown}
 k - a scroll of magic mapping {unknown}
Potions
 c - a potion of might
 j - a potion of resistance


   Skills:
 - Level 5.3 Fighting
 + Level 4.0 Axes
 - Level 2.6 Dodging
 - Level 3.0 Shields


You had 4 spell levels left.
You didn't know any spells.
Your spell library contained the following spells:

 Spells                   Type           Power      Damage    Failure   Level
 Tukima's Dance           Hex            0%         N/A       85%         3
 Anguish                  Hex/Necr       0%         N/A       99%         4
 Enfeeble                 Hex            0%         N/A       100%        7


Dungeon Overview and Level Annotations

Branches:
Dungeon (3/15)

Altars:


Innate Abilities, Weirdness & Mutations

Your plain brown scales are hard. (AC +5)
You cannot fit into any form of body armour.
You are cold-blooded and may be slowed by cold attacks.


Message History

The orc wizard shouts!
The orc shouts!
The orc priest shouts!
You hear a shout!
An orc comes into view. It is wielding a +0 trident.
You slice the endoplasm!!
You kill the endoplasm!
The orc priest looks braver for a moment.
The orc priest invokes the aid of Beogh against you.
Pain shoots through your body!
Things that are here:
a +0 dagger; an orc corpse The orc priest calls down the wrath of Beogh upon you.
Beogh smites you!
Things that are here:
a +0 hand axe; a +0 ring mail
Things that are here:
a +0 hand axe; a +0 ring mail You barely miss the orc priest.
The orc drinks a potion.
The orc suddenly seems more resistant.
The orc priest completely misses you.
You slash the orc priest!
The orc priest is severely wounded.
The orc priest barely misses you.
The orc priest invokes the aid of Beogh against you.
Beogh smites you!
* * * LOW HITPOINT WARNING * * *
The orc priest hits you but does no damage.
It was a potion of degeneration.
There was something very wrong with that liquid.
You feel weakened.
You feel dopey.
You feel clumsy. The orc priest misses you.
You closely miss the orc priest.
The orc priest is severely wounded.
The orc priest looks encouraged for a moment.
The orc wizard gestures wildly while chanting.
The orc wizard flickers and vanishes!
Deactivating autopickup; reactivate with Ctrl-A.
You hit the orc priest.
The orc priest is almost dead.
The orc priest closely misses you.
The orc priest invokes the aid of Beogh against you.
Pain shoots through your body!
You die...

.....###.........#
#..# ...
#.###.....# #..# .
.###.###.....#
#..##
...........).#
#...#
...........###
######..#
#....####.##
.........
..........#
#.....(..
##..^.##.#.#
..#####.. ## #.#@#
# #.. # #o# #..
#o# #.. #.# #..
..(....oo.....#
#..
#####.....oo...
... ##....o....
##.###.### ### .#


You could see an orc priest and 3 orcs.

Vanquished Creatures
  2 orc priests (D:3)
  5 adders (D:2)
  2 worms (D:2)
  3 dart slugs
  3 orcs (D:3)
  4 ball pythons
  5 endoplasms
  2 giant cockroaches
  2 goblins (D:2)
  2 hobgoblins
  7 jackals (D:1)
  7 kobolds
  A quokka (D:1)
  3 bats
  4 frilled lizards
  5 rats
57 creatures vanquished.

Notes
Turn   | Place    | Note
-------+----------+-------------------------------------------
     0 | D:1      | DocClef the Draconian Fighter began the quest for the Orb.
     0 | D:1      | Reached XP level 1. HP: 19/19 MP: 1/1
   110 | D:1      | Reached XP level 2. HP: 21/27 MP: 2/2
   277 | D:1      | Reached skill level 4 in Fighting
   959 | D:1      | Reached XP level 3. HP: 34/34 MP: 3/3
  1182 | D:2      | Reached skill level 5 in Fighting
  1239 | D:2      | Found a faded altar of an unknown god.
  1372 | D:2      | Reached XP level 4. HP: 17/42 MP: 4/4
  2252 | D:3      | Reached XP level 5. HP: 46/48 MP: 5/5
  2271 | D:3      | Killed from afar by an orc priest

Illustrated notes

Levels and vault maps discovered:
D:1:      tarquinn_simple_flora_water_f, layout_loops_ring, nrook_loot_triangle,
          minivault_26
D:2:      layout_basic, hellmonk_ecumenical_altar_inner_sanctum,
          minmay_diced_spiral
D:3:      layout_loops_ring, mainiacjoe_overflow_six_doors_small, uniq_grinder

Skill      XL: |  1  2  3  4  5 |
---------------+----------------+-----
Fighting       | 4 5 |  5.3
Axes           | 3 4 |  4.0
Dodging        | |  2.6
Shields        | |  3.0

Action                   |  1- 3 |  4- 6 || total
-------------------------+-------+-------++-------
Melee: War axe           |    63 |       ||    63
       Battleaxe         |    32 |    39 ||    71
       Tailslap          |     2 |     1 ||     3
  Use: Potion            |       |     1 ||     1
 Stab: Sleeping          |     4 |       ||     4
Armor: Skin              |    35 |    18 ||    53
Dodge: Dodged            |    61 |    33 ||    94
Block: Buckler           |    17 |       ||    17
